 Dungeon Crawl Stone Soup version 0.30-a0-627-gc11e7ae810 (webtiles) character file.

Game seed: 14102430597750553997

285 Oxelix the Cudgeller (level 6, -1/47 HPs)
             Began as a Human Berserker on Jan 12, 2023.
             Was a Priest of Trog.
             Slain by an ogre
             ... wielding a +0 giant club
              (11 damage)
             ... on level 4 of the Dungeon.
             The game lasted 00:05:30 (3849 turns).

Oxelix the Cudgeller (Human Berserker)              Turns: 3849, Time: 00:05:31

Health: -1/47      AC:  8    Str: 19    XL:     6   Next: 55%
Magic:  6/6        EV:  9    Int:  7    God:    Trog [***...]
Gold:   124        SH:  3    Dex: 13    Spells: 5/5 levels left

rFire   . . .      SeeInvis .    x - +0 flail
rCold   . . .      Faith    .    B - +0 buckler
rNeg    . . .      Spirit   .    u - +0 scale mail
rPois   .          Reflect  .    p - +2 hat
rElec   .          Harm     .    (no cloak)
rCorr   +          Rampage  .    (no gloves)
Will    .....                    (no boots) Stlth
                                 (no amulet)
HPRegen 0.27/turn                c - ring of flight
MPRegen 0.10/turn                e - ring of resist corrosion

@: on berserk cooldown, flying, slowed, very slow
A: no striking features
a: Renounce Religion, Berserk, Trog's Hand


You were on level 4 of the Dungeon.
You worshipped Trog.
Trog was most pleased with you.
You visited 1 branch of the dungeon, and saw 4 of its levels.

You collected 163 gold pieces.
You spent 39 gold pieces at shops.

Inventory:

Hand Weapons
 x - a +0 flail (weapon)
Missiles
 q - 6 atropa-tipped darts
 v - 5 boomerangs
 w - 10 poisoned darts (quivered)
Armour
 p - a +2 hat (worn)
 u - a +0 scale mail (worn)
 B - a +0 buckler (worn)
Jewellery
 a - a ring of protection from fire
 c - a ring of flight (left hand)
 e - a ring of resist corrosion (right hand)
Scrolls
 b - 5 scrolls of identify {unknown}
 g - 2 scrolls of silence {unknown}
 k - 2 scrolls of teleportation {unknown}
 o - a scroll of amnesia {unknown}
 t - 2 scrolls of enchant armour {unknown}
 y - 2 scrolls of poison {unknown}
 A - a scroll of magic mapping {unknown}
Potions
 d - a potion of mutation {unknown}
 f - 2 potions of flight {unknown}
 h - a potion of haste {unknown}
 i - 3 potions of curing
 j - a potion of experience {unknown}
 l - a potion of heal wounds {unknown}
 m - a potion of attraction {unknown}
 n - 2 potions of invisibility {unknown}
 r - a potion of brilliance {unknown}
 s - a potion of lignification {unknown}
 z - a potion of ambrosia {unknown}


   Skills:
 - Level 3.0 Fighting
 * Level 6.9 Maces & Flails
 - Level 2.0 Armour
 - Level 2.0 Dodging


You had 5 spell levels left.
You didn't know any spells.
Your spell library was empty.

Dungeon Overview and Level Annotations

Branches:
Dungeon (4/15)
 Temple: D:4-7

Altars:
Qazlal

Shops:
D:2 !


Message History

You kill the orc!
Trog accepts your kill.
You thump the orc!
You kill the orc!
Trog accepts your kill.
You closely miss the orc wizard. You bludgeon the orc wizard!!
You kill the orc wizard!
Trog accepts your kill.
Trog appreciates your killing of a magic user.
You closely miss the ball python. The ball python barely misses you. x2
You sock the ball python!
You kill the ball python!
Trog accepts your kill.
You barely miss the kobold. You closely miss the kobold.
The kobold hits you but does no damage.
You closely miss the kobold.
The kobold hits you with a +0 short sword.
You barely miss the kobold.
The kobold hits you with a +0 short sword.
You closely miss the kobold. You closely miss the kobold.
The kobold hits you but does no damage.
You barely miss the kobold. The kobold hits you but does no damage.
You closely miss the kobold. The kobold hits you but does no damage.
You sock the kobold!
You kill the kobold!
Trog accepts your kill.
You are no longer berserk.
You are exhausted.
You feel yourself slow down.
The ogre hits you with a +0 giant club!!
* * * LOW HITPOINT WARNING * * *
Items here: )))) [[ †††.
You hit the ogre.
The ogre is lightly wounded.
The ogre barely misses you.
You hit the ogre.
The ogre is moderately wounded.
The ogre hits you with a +0 giant club!
You die...

#....# #.#
#...#.#......
#.#### #.#
#..##########
#.# #.#
#...#........
#.# #.#
##.........).
#.# #.#
#####.#.##.#
#.# #.#
#.#....# #.#
#.# #.#.####
#.# #.# #.#.#
## #.# #@#
#.#.# #. #.#
###O#
#####.#.###.
#.# ##...#
#...........
### #....#
#.###..####.
#...## ##.#
#.......
#...# #..#
##.#####
#...# ####
#.# #.....#
#.#
...........
#.# .


You could see an ogre.

Vanquished Creatures
  A phantom (D:4)
  An orc wizard (D:4)
  9 adders
  6 dart slugs
  9 orcs
  9 ball pythons
  15 endoplasms
  2 giant cockroaches
  8 goblins
  8 hobgoblins
  2 quokkas (D:4)
  2 bats (D:1)
  6 frilled lizards
  9 kobolds
87 creatures vanquished.

Notes
Turn   | Place    | Note
-------+----------+-------------------------------------------
     0 | D:1      | Oxelix the Human Berserker began the quest for the Orb.
     0 | D:1      | Reached XP level 1. HP: 18/18 MP: 1/1
   293 | D:1      | Reached XP level 2. HP: 23/24 MP: 2/2
   552 | D:1      | Reached skill level 4 in Maces & Flails
   552 | D:1      | Reached XP level 3. HP: 29/29 MP: 3/3
  1253 | D:2      | Reached XP level 4. HP: 35/35 MP: 4/4
  1458 | D:2      | Reached ** piety under Trog
  1930 | D:2      | Reached skill level 5 in Maces & Flails
  2224 | D:2      | Found Honaoniwk's Distillery.
  2230 | D:2      | Bought a potion of curing for 39 gold pieces
  2671 | D:3      | Reached XP level 5. HP: 41/41 MP: 5/5
  3528 | D:4      | Reached skill level 6 in Maces & Flails
  3602 | D:4      | Noticed a phantom
  3613 | D:4      | Killed a phantom
  3614 | D:4      | Reached XP level 6. HP: 42/47 MP: 6/6
  3677 | D:4      | Found a stormy altar of Qazlal.
  3820 | D:4      | Noticed an ogre
  3835 | D:4      | Reached *** piety under Trog
  3849 | D:4      | Slain by an ogre

Illustrated notes

Levels and vault maps discovered:
D:1:      reono_arrival_mine, layout_loops_corners, kennysheep_nondescript,
          minmay_misc_feat_five
D:2:      minmay_razor_zed, layout_basic, serial_shops, shop
D:3:      layout_basic
D:4:      layout_loops_ring, nicolae_qazlal_general_emergency,
          grunt_ministairs_6, nicolae_half_adder

Skill      XL: |  1  2  3  4  5 |
---------------+----------------+-----
Maces & Flails | 4 5 6 |  6.9
Fighting       | |  3.0
Armour         | |  2.0
Dodging        | |  2.0

Action                   |  1- 3 |  4- 6 || total
-------------------------+-------+-------++-------
Melee: Mace              |    77 |   138 ||   215
       Punch             |     1 |     3 ||     4
       Flail             |       |    53 ||    53
Invok: Berserk           |       |     3 ||     3
Armor: Leather armour    |    23 |    18 ||    41
       Animal skin       |     1 |       ||     1
       Ring mail         |       |    14 ||    14
       Scale mail        |       |    51 ||    51
Dodge: Dodged            |    44 |   125 ||   169
Block: Buckler           |       |     2 ||     2

Table legend: (Time is in decaauts)
 A = Elapsed time spent in this place.
 B = Non-inter-level travel time spent in this place.
 C = Inter-level travel time spent in this place.
 D = Time resting spent in this place.
 E = Time spent auto-exploring this place.
 F = Levels seen in this place.
 G = Mean time per level.
                   A        B        C        D        E       F      G
               +--------+--------+--------+--------+--------+-----+--------+
         Total |   3891 |   3592 |    299 |    231 |   2562 |   4 |  972.8 |
       Dungeon |   3891 |   3592 |    299 |    231 |   2562 |   4 |  972.8 |
               +--------+--------+--------+--------+--------+-----+--------+

Top non-repeatable levels by time:
     D:2: 1389 daAuts
     D:1: 1084 daAuts
     D:3: 860 daAuts
     D:4: 556 daAuts
